 Dungeon Crawl Stone Soup version 0.22-a0-346-ga714374 (webtiles) character file.

171 xccam the Slasher (level 5, -4/38 HPs)
             Began as a Demonspawn Gladiator on Apr 6, 2018.
             Killed from afar by an orc wizard (9 damage)
             ... with a puff of flame
             ... on level 3 of the Dungeon.
             The game lasted 00:02:40 (1430 turns).

xccam the Slasher (Demonspawn Gladiator)            Turns: 1430, Time: 00:02:41

Health: -4/38      AC: 14    Str: 15    XL:     5   Next: 26%
Magic:  0/5        EV: 11    Int: 10    God:
Gold:   110        SH:  0    Dex: 14    Spells: 4/4 levels left

rFire    . . .     SeeInvis .   a - +0 long sword
rCold    + . .     Gourm    .   (no shield)
rNeg     . . .     Faith    .   i - +2 ring mail {rC+}
rPois    .         Spirit   +   c - +0 helmet
rElec    .         Reflect  .   (no cloak)
rCorr    .         Harm     .   (no gloves)
MR       .....                  (no boots)
Stlth    +.........             (no amulet)
HPRegen  0.12/turn              (no ring)
MPRegen  0.09/turn              (no ring)

@: sanguine armour
A: magic shield, sanguine armour 1
a: no special abilities


You were on level 3 of the Dungeon.
You were not hungry.

You visited 1 branch of the dungeon, and saw 3 of its levels.

You collected 110 gold pieces.

Inventory:

Hand Weapons
 a - a +0 long sword (weapon)
Missiles
 b - 6 tomahawks (quivered)
 d - 3 throwing nets
Armour
 c - a +0 helmet (worn)
 i - a +2 ring mail of cold resistance (worn)
Wands
 j - a wand of disintegration (4)
 n - a wand of polymorph (11)
Scrolls
 g - a scroll of fear {unknown}
 k - a scroll of fog {unknown}
 l - 2 scrolls of identify {unknown}
 m - a scroll of teleportation {unknown}
Potions
 e - a potion of lignification
 h - a potion of might
 o - a potion of curing {unknown}
Comestibles
 f - 4 rations


   Skills:
 - Level 2.0 Fighting
 + Level 5.5 Long Blades
 - Level 1.7 Throwing
 - Level 2.6 Dodging


You had 4 spell levels left.
You didn't know any spells.

Dungeon Overview and Level Annotations

Branches:
Dungeon (3/15)

Altars:

Annotations:
D:3 1 transporter


Innate Abilities, Weirdness & Mutations

When hurt, damage is shared between your health and your magic reserves.
When seriously injured, your bleeding wounds create armour. (AC +6)


Message History

Unknown command.
You barely miss the orc wizard.
The orc wizard is heavily wounded.
The orc wizard hits you but does no damage.
You barely miss the orc wizard.
The orc wizard is heavily wounded.
You feel less confused. The orc wizard casts a spell at you.
You resist with some effort.
You hit the orc wizard.
The orc wizard is severely wounded.
The orc wizard gestures at you while chanting.
The puff of flame hits you!
* * * LOW HITPOINT WARNING * * *
Unknown command.
You hit the orc wizard but do no damage.
The orc wizard is severely wounded.
The orc wizard gestures at you while chanting.
The puff of flame hits you!
You die...

## ### ### .#####.#### #.###
........... .... .
.......#########..####..
........................
.......................
.#####.###### #)o..#
..####'########.@..#
.............##....#.#
.......................
.....................#.##. ##....
.................................
..................#..#.###.##....
..................#.<............
#................................
..†..............................


You could see an orc wizard.

Vanquished Creatures
  A hound (D:3)
  An orc priest (D:3)
  Jessica (D:3)
  4 adders
  3 dart slugs
  2 leopard geckos
  2 orcs (D:3)
  2 ball pythons
  3 goblins
  2 hobgoblins
  3 jackals (D:3)
  A quokka (D:3)
  6 bats
  A frilled lizard (D:3)
  9 kobolds
  5 rats
46 creatures vanquished.

Notes
Turn   | Place    | Note
-------+----------+-------------------------------------------
     0 | D:1      | xccam the Demonspawn Gladiator began the quest for the Orb.
     0 | D:1      | Reached XP level 1. HP: 16/16 MP: 1/1
   109 | D:1      | Reached skill level 3 in Long Blades
   217 | D:1      | Gained mutation: When hurt, damage is shared between your health and your magic reserves. [demonic ancestry]
   217 | D:1      | Reached XP level 2. HP: 20/22 MP: 2/2
   832 | D:2      | Reached XP level 3. HP: 27/27 MP: 3/3
   873 | D:2      | Reached skill level 4 in Long Blades
  1183 | D:3      | Noticed Jessica
  1190 | D:3      | Killed Jessica
  1190 | D:3      | Reached XP level 4. HP: 20/33 MP: 2/4
  1270 | D:3      | Found a transporter.
  1393 | D:3      | Reached skill level 5 in Long Blades
  1401 | D:3      | Gained mutation: When seriously injured, your bleeding wounds create armour. (AC +6) [demonic ancestry]
  1401 | D:3      | Reached XP level 5. HP: 7/38 MP: 0/5
  1430 | D:3      | Killed from afar by an orc wizard

Vault maps used:
D:1:      minmay_arrival_wavy_path
D:3:      gammafunk_steamed_eel, first_ration, cheibrodos_sewer_entry_sluice,
          uniq_jessica, uniq_crazy_yiuf_cottage

Skill      XL: |  1  2  3  4 |
---------------+-------------+-----
Long Blades    | 3 4 5 |  5.5
Fighting       | |  2.0
Throwing       | |  1.7
Dodging        | |  2.6

Action                   |  1- 3 |  4- 6 || total
-------------------------+-------+-------++-------
Melee: Long sword        |    81 |    63 ||   144
Throw: Tomahawk          |       |     3 ||     3
  Use: Potion            |     2 |       ||     2
  Eat: Chunk             |       |     2 ||     2
Armor: Leather armour    |    23 |       ||    23
       Ring mail         |    22 |    43 ||    65
       Skin              |     6 |    13 ||    19
Dodge: Dodged            |    60 |    34 ||    94
       Rpst.: Long sword |    18 |    10 ||    28

Table legend:
 A = Spawn XP
 B = Non-spawn XP
 C = Spawn XP percentage of total XP
 D = Spawn monster count
 E = Non-spawn monster count
 F = Spawn count percentage of total count
 G = Total turns spent on level
                    A         B        C        D         E        F      G
               +---------+---------+-------+---------+---------+-------+---------
         Total |       0 |     245 |   0.0 |       0 |      46 |   0.0 |  1430
               +---------+---------+-------+---------+---------+-------+---------
           D:1 |       0 |      23 |   0.0 |       0 |      15 |   0.0 |   442
           D:2 |       0 |      52 |   0.0 |       0 |      14 |   0.0 |   741
           D:3 |       0 |     170 |   0.0 |       0 |      17 |   0.0 |   247
               +---------+---------+-------+---------+---------+-------+---------
